AoeStats
← vignesh.689

Arena

509673612Analyzed
2v2 RM · 4d ago on Sep 27, 2026· 40m 19s· 4 players
Game mode
Random Map
Map size
Medium (4 player)
Population
200
Speed
Normal
Resources
Standard
Victory
Conquest
Starting age
Dark Age
Ending age
Imperial Age
RankedLock teamsTeams togetherTeam positionsShared explorationLock speedFull tech treeHidden civsTurbo modeCheats
Victory
Defeat
🇮🇳 Spanish · India
994
+13
🇮🇳 Romans · India
929
+15
🇩🇪 Turks · Germany
952
-44
🇩🇪 Persians · Germany
897
-37
Sid Ironside
12:43 Feudal Age
16:21 Castle Age
14:13 Double-Bit Axe
14:15 Horse Collar
17:33 Bow Saw
17:29 Heavy Plow
23:15 Stone Mining
23:18 Gold Mining
24:43 Wheelbarrow
25:58 Hand Cart
28:35 Imperial Age
27:10 Gold Shaft Mining
27:51 Loom
27:52 Town Watch
28:18 Squires
27:39 Pikeman
28:35 Husbandry
28:45 Bloodlines
28:28 Fletching
29:01 Ballistics
28:54 Man-at-Arms
29:35 Bodkin Arrow
29:40 Scale Mail Armor
30:44 Chemistry
29:50 Siege Engineers
30:22 Conscription
30:03 Heavy Scorpion
30:07 Long Swordsman
31:00 Padded Archer Armor
31:23 Ballistas
32:17 Leather Archer Armor
32:13 Forging
32:18 Legionary
32:56 Light Cavalry
33:35 Halberdier
37:35 Comitatenses
37:35 Chain Mail Armor
39:30 Iron Casting
41:44 Blast Furnace
40:56 Fortified Wall
40:42 Murder Holes
vignesh.689
7:43 Loom
12:29 Feudal Age
14:18 Horse Collar
17:49 Castle Age
16:20 Double-Bit Axe
17:19 Scale Barding Armor
18:33 Town Watch
19:01 Bow Saw
19:16 Chain Barding Armor
21:28 Wheelbarrow
22:48 Stone Mining
24:46 Heavy Plow
28:47 Forging
29:32 Bloodlines
29:23 Husbandry
28:44 Light Cavalry
29:49 Fletching
31:44 Iron Casting
31:05 Bodkin Arrow
34:27 Imperial Age
33:04 Ballistics
34:30 Hussar
36:15 Blast Furnace
35:51 Plate Barding Armor
36:59 Conscription
39:38 Chemistry
Hausierer
7:22 Loom
11:29 Feudal Age
11:59 Horse Collar
12:11 Double-Bit Axe
14:43 Gold Mining
23:08 Castle Age
23:00 Elite Skirmisher
24:26 Stone Mining
24:55 Bow Saw
24:48 Fletching
25:18 Heavy Plow
25:04 Crossbowman
28:41 Wheelbarrow
29:46 Kamandaran
30:08 Hand Cart
31:57 Bodkin Arrow
32:16 Thumb Ring
38:51 Imperial Age
36:12 Pikeman
38:36 Scale Barding Armor
38:45 Forging
Tadel
0:32 Loom
11:58 Feudal Age
13:23 Wheelbarrow
13:13 Town Watch
13:13 Horse Collar
14:02 Double-Bit Axe
13:58 Man-at-Arms
14:27 Arson
21:47 Gold Mining
21:51 Stone Mining
28:41 Forging
28:38 Scale Barding Armor
28:35 Padded Archer Armor
28:26 Fletching
28:38 Scale Mail Armor
31:09 Bloodlines
35:14 Castle Age
37:45 Husbandry
Connection lost

Rejoining the realm…

Still unreachable

The connection could not be restored.

Session expired

The server has moved on; the page needs a fresh start.